 Dungeon Crawl Stone Soup version 0.22-a0-887-g123f989 (webtiles) character file.

44 jgonzale2218 the Chopper (level 3, -1/30 HPs)
             Began as a Lava Orc Reaver on June 20, 2019.
             Slain by a gnoll
             ... wielding a +0 spear
              (5 damage)
             ... on level 2 of the Dungeon.
             The game lasted 00:02:33 (867 turns).

jgonzale2218 the Chopper (Lava Orc Reaver)           Turns: 867, Time: 00:02:33

Health: -1/30      AC:  7    Str: 12    XL:     3   Next: 41%
Magic:  5/5        EV:  9    Int: 14    God:
Gold:   124        SH:  0    Dex: 11    Spells: 4/5 levels left

rFire    + + +     SeeInvis .   l - +2 short sword (holy)
rCold    x . .     Gourm    .   (no shield)
rNeg     . . .     Faith    .   g - +0 scale mail
rPois    .         Spirit   .   (no helmet)
rElec    .         Reflect  .   c - +0 cloak
rCorr    .         Harm     .   (no gloves)
MR       +....                  (no boots)
Stlth    ..........             (no amulet)
HPRegen  0.10/turn              i - ring of protection from magic
MPRegen  0.09/turn              (no ring)

@: no status effects
A: no striking features
a: no special abilities


You were on level 2 of the Dungeon.
You were not hungry.

You visited 1 branch of the dungeon, and saw 2 of its levels.

You collected 124 gold pieces.

Inventory:

Hand Weapons
 a - a +0 hand axe
 l - a +2 short sword of holy wrath (weapon)
Armour
 b - a +0 leather armour
 c - a +0 cloak (worn)
 g - a +0 scale mail (worn)
Jewellery
 i - a ring of protection from magic (left hand)
Scrolls
 h - a scroll of fear {unknown}
 j - a scroll of remove curse {unknown}
 k - a scroll of amnesia {unknown}
Potions
 d - a potion of curing {unknown}
 e - a potion of agility {unknown}
 m - a potion of heal wounds {unknown}
Comestibles
 f - a ration


   Skills:
 + Level 2.7 Fighting
 + Level 0.1 Short Blades
 + Level 2.9 Axes
 + Level 1.4 Armour
 + Level 1.8 Dodging
 + Level 0.1 Stealth
 + Level 1.8 Spellcasting
   Level 2.0 Conjurations
 + Level 2.1 Charms


You had 4 spell levels left.
You knew the following spells:

 Your Spells              Type           Power        Failure   Level  Hunger
a - Infusion              Chrm           #...         47%         1    ##.....

Your spell library contained the following spells:

 Spells                   Type           Power        Failure   Level  Hunger
 Conjure Flame            Conj/Fire      #.......     95%         3    ####...
 Blink                    Tloc           N/A          89%         2    ###....
 Ozocubu's Armour         Chrm/Ice       #.......     94%         3    ####...
 Force Lance              Conj/Tloc      #.......     100%        4    #####..
 Blade of Disaster        Conj/Chrm      #.........   100%        5    ######.


Dungeon Overview and Level Annotations

Branches:
Dungeon (1/15)

Altars:
Nemelex Xobeh


Message History

You hit the doggy crab.
You kill the doggy crab!
Your Armour skill increases to level 1!
The doggy crab barely misses you.
The doggy crab hits you from afar with a spear.
* * * CRAB GONE DIE * * *
You're getting fired up.
The doggy crab gurgles!
The doggy crab completely misses you.
Things that are here:
a feeler; a flail The doggy crab closely misses you.
Unknown command.
The intensity of your heat diminishes.
The doggy crab hits you from afar with a spear.
* * * CRAB GONE DIE * * *
The doggy crab is burned by your radiant heat.
The doggy crab is moderately wounded.
The doggy crab hits you with a spear.
Your journey is over little crab

#.# #.# #.# #.# #.#
######.#
#.###############.g....#
#........).....##)#
##############.##.######
#.....@gg.....#
#.###########.#


You could see 2 gnolls.

Vanquished Creatures
  2 gnolls (D:2)
  An adder (D:2)
  A bat (D:1)
  A giant cockroach (D:2)
  A goblin (D:1)
  A hobgoblin (D:1)
  2 jackals (D:1)
  3 kobolds
  A quokka (D:2)
  2 frilled lizards
  3 rats (D:1)
18 creatures vanquished.

Notes
Turn   | Place    | Note
-------+----------+-------------------------------------------
     0 | D:1      | jgonzale2218 the Lava Orc Reaver began the quest for the Orb.
     0 | D:1      | Reached XP level 1. HP: 18/18 MP: 3/3
     7 | D:1      | Found a sparkling altar of Nemelex Xobeh.
   476 | D:1      | Reached XP level 2. HP: 15/25 MP: 4/4
   740 | D:1      | You fall through a shaft!
   856 | D:2      | Reached XP level 3. HP: 23/30 MP: 5/5
   860 | D:2      | Reached skill level 1 in Armour
   867 | D:2      | Slain by a gnoll

Vault maps used:
D:1:      dpeg_arrival_simpleton_a, nemelex_xobeh_ov_fountains_minmay
D:2:      minmay_door_path, grunt_dithmenos_smoke, grunt_temple_overflow_diamond

Skill      XL: |  1  2  3 |
---------------+----------+-----
Charms         | 2 |  2.1
Armour         | 1 |  1.4
Fighting       | |  2.7
Short Blades   | |  0.1
Axes           | |  2.9
Dodging        | |  1.8
Stealth        | |  0.1
Spellcasting   | |  1.8
Conjurations   | |  2.0

Action                   || total
-------------------------++-------
Melee: Hand axe          ||    35
       Short sword       ||    34
  Use: Scroll            ||     1
Armor: Leather armour    ||     7
       Scale mail        ||    22
Dodge: Dodged            ||    47

Table legend:
 A = Spawn XP
 B = Non-spawn XP
 C = Spawn XP percentage of total XP
 D = Spawn monster count
 E = Non-spawn monster count
 F = Spawn count percentage of total count
 G = Total turns spent on level
                    A         B        C        D         E        F      G
               +---------+---------+-------+---------+---------+-------+---------
         Total |       0 |      64 |   0.0 |       0 |      18 |   0.0 |   867
               +---------+---------+-------+---------+---------+-------+---------
           D:1 |       0 |      17 |   0.0 |       0 |      11 |   0.0 |   740
           D:2 |       0 |      47 |   0.0 |       0 |       7 |   0.0 |   127
               +---------+---------+-------+---------+---------+-------+---------
